 Dungeon Crawl Stone Soup version 0.19.1-1-g22dce08 (webtiles) character file.

140 Alarkh the Chopper (level 5, -19/45 HPs)
             Began as a Draconian Monk on Jan 18, 2017.
             Demolished by an orc wizard
             ... wielding a +1 dagger of electrocution
              (20 damage)
             ... on level 3 of the Dungeon.
             The game lasted 00:02:59 (2159 turns).

Alarkh the Chopper (Draconian Monk)                 Turns: 2159, Time: 00:02:59

Health: -19/45     AC:  7    Str: 12 (13) XL:     5   Next: 2%
Magic:  5/5        EV: 18    Int: 10 (11) God:
Gold:   137        SH:  0    Dex: 18 (19) Spells: 0 memorised, 4 levels left

rFire  + . .     SeeInvis .     a - +3 hand axe
rCold  . . .     Gourm    .     (armour unavailable)
rNeg   . . .     Faith    .     (no shield)
rPois  .         Spirit   .     (helmet restricted)
rElec  .         Reflect  .     j - +1 cloak
rCorr  .         Harm     .     (no gloves)
MR     .....                    (no boots)
Stlth  +++.......               (no amulet)
                                (no ring)
                                c - ring of protection from fire

@: agile
A: unfitting armour, cold-blooded, AC +5
a: no special abilities


You were on level 3 of the Dungeon.
You were not hungry.

You visited 1 branch of the dungeon, and saw 3 of its levels.

You collected 137 gold pieces.

Inventory:

Hand Weapons
 a - a +3 hand axe (weapon)
Armour
 j - a +1 cloak (worn)
Jewellery
 c - a ring of protection from fire (left hand)
Scrolls
 e - a scroll of blinking {unknown}
 h - 2 scrolls of remove curse
 k - a scroll of recharging {unknown}
 m - a scroll of immolation {unknown}
 n - a scroll of identify {unknown}
 o - a scroll of fear {unknown}
 p - a scroll of teleportation {unknown}
Comestibles
 b - 3 bread rations
 d - a fruit
 g - a chunk of flesh
 i - a slice of pizza
 l - a beef jerky


   Skills:
 - Level 3.2 Fighting
 + Level 5.7 Axes
 - Level 2.6 Dodging
 - Level 1.7 Stealth


You had 4 spell levels left.
You didn't know any spells.

Dungeon Overview and Level Annotations

Branches:
Dungeon (3/15)

Altars:

Annotations:
D:2 1 runed door


Innate Abilities, Weirdness & Mutations

Your plain brown scales are hard. (AC +5)
You cannot fit into any form of body armour.
You are cold-blooded and may be slowed by cold attacks.


Message History

The orc wizard flickers and vanishes!
Deactivating autopickup; reactivate with Ctrl-A.
You hit the orc priest but do no damage.
The orc priest is almost dead.
You hit the orc.
You kill the orc!
The orc priest mumbles some strange prayers to Beogh against you.
You barely resist.
You hit the orc priest but do no damage.
Your tail-slap misses the orc priest.
The orc priest is almost dead.
You hit something.
The orc priest invokes the aid of Beogh against you.
Beogh smites you! Something hits you but does no damage.
You are electrocuted!
* * * LOW HITPOINT WARNING * * *
It was a potion of agility.
You feel agile all of a sudden. The orc priest misses you.
Something hits you but does no damage.
You are electrocuted!
You die...

.PP. ...♣♣
...P .P. .. r♣
#♣)♣..
##@o#.#...
#......♣
##.###.....
♣.♣# #.#♣#♣
#..# #.#
♣.♣###.####.#
#.#.##......#
♣.♣#[.######..
#.#....####


You could see an orc priest and a rat.

Vanquished Creatures
  An iguana (D:3)
  Robin (D:2)
  2 adders (D:2)
  3 worms (D:2)
  A dart slug (D:1)
  A leopard gecko (D:2)
  5 orcs (D:3)
  A ball python (D:1)
  A giant cockroach (D:2)
  13 goblins
  11 hobgoblins
  4 jackals (D:1)
  6 bats
  5 frilled lizards
  5 kobolds
  A leopard gecko skeleton (D:3)
  6 rats (D:2)
67 creatures vanquished.

Notes
Turn   | Place    | Note
-------+----------+-------------------------------------------
     0 | D:1      | Alarkh the Draconian Monk began the quest for the Orb.
     0 | D:1      | Reached XP level 1. HP: 19/19 MP: 1/1
   206 | D:1      | Reached XP level 2. HP: 26/26 MP: 2/2
   402 | D:1      | Reached skill level 4 in Axes
   791 | D:2      | Reached XP level 3. HP: 31/31 MP: 3/3
  1178 | D:2      | Noticed Robin
  1189 | D:2      | Reached XP level 4. HP: 38/38 MP: 4/4
  1194 | D:2      | Reached skill level 5 in Axes
  1214 | D:2      | Killed Robin
  1400 | D:2      | Found a runed door.
  2152 | D:3      | Reached XP level 5. HP: 42/45 MP: 5/5
  2158 | D:3      | HP: 1/45 [something (14)]
  2159 | D:3      | Demolished by an orc wizard

Skill      XL: |  1  2  3  4 |
---------------+-------------+-----
Axes           | 4 5 |  5.7
Fighting       | |  3.2
Dodging        | |  2.6
Stealth        | |  1.7

Action                   |  1- 3 |  4- 6 || total
-------------------------+-------+-------++-------
Melee: Hand axe          |   106 |    72 ||   178
       Tailslap          |    14 |     7 ||    21
  Use: Scroll            |     4 |       ||     4
       Potion            |     2 |     2 ||     4
 Stab: Sleeping          |     7 |     1 ||     8
       Distracted        |       |     1 ||     1
  Eat: Chunk             |     1 |     3 ||     4
Armor: Skin              |    33 |    17 ||    50
Dodge: Dodged            |    73 |    35 ||   108
